 Dungeon Crawl Stone Soup version 0.19-a0-1111-gcceb26a (webtiles) character file.

542 Ijustatesigmund the Cudgeler (level 7, 41/55 HPs)
             Began as a Demonspawn Fighter on Aug 11, 2016.
             Was a Follower of Okawaru.
             Quit the game on level 5 of the Dungeon.
             The game lasted 00:07:50 (4227 turns).

Ijustatesigmund the Cudgeler (Demonspawn Fighter)   Turns: 4227, Time: 00:07:51

Health: 41/55      AC: 12    Str: 17      XL:     7   Next: 6%
Magic:  7/7        EV:  6    Int:  8 (9)  God:    Okawaru [*.....]
Gold:   211        SH:  9    Dex: 14      Spells: 0 memorised, 6 levels left

rFire  . . .     SeeInvis .     a - +0 flail
rCold  . . .     Gourm    .     i - +0 chain mail (curse)
rNeg   . . .     Faith    .     c - +0 shield
rPois  .         Spirit   .     n - +0 helmet
rElec  .         Dismiss  .     (no cloak)
rCorr  .         Reflect  .     (no gloves)
SustAt .         Harm     .     (no boots)
MR     .....                    (no amulet)
Stlth  ..........               (no ring)
                                j - ring of loudness (curse)

@: mildly poisoned (41 -> 40)
A: icy blue scales 1, demonic guardian 1, rot immunity
a: Heroism, Renounce Religion


You were on level 5 of the Dungeon.
You worshipped Okawaru.
Okawaru was aware of your devotion.
You were not hungry.

You visited 1 branch of the dungeon, and saw 5 of its levels.

You collected 211 gold pieces.

Inventory:

Hand Weapons
 a - a +0 flail (weapon)
Armour
 c - a +0 shield (worn)
 i - a cursed +0 chain mail (worn)
 l - a cursed +0 chain mail
 n - a +0 helmet (worn)
Jewellery
 j - a cursed ring of loudness (left hand)
Wands
 g - a wand of polymorph (6/24)
 m - a wand of disintegration (12/24)
Scrolls
 k - 2 scrolls of amnesia
 o - a scroll of remove curse
 p - a scroll of magic mapping
 q - a scroll of recharging
Potions
 d - 5 potions of might
 e - a potion of cure mutation
 h - a potion of curing
Comestibles
 b - 4 fruits
 f - 4 bread rations
 r - a meat ration
 s - a slice of pizza
 t - 4 chunks of flesh


   Skills:
 - Level 4.6 Fighting
 - Level 5.1 Maces & Flails
 - Level 2.6 Armour
 + Level 3.1 Dodging
 - Level 2.6 Shields
 + Level 1.0 Invocations


You had 6 spell levels left.
You didn't know any spells.

Dungeon Overview and Level Annotations

Branches:
Dungeon (5/15)
 Temple: D:4-7

Altars:
Okawaru
Uskayaw


Innate Abilities, Weirdness & Mutations

You are partially covered in icy blue scales. (AC +2)
A weak demonic guardian rushes to your aid.
You are immune to rotting.


Message History

Your quasit barely misses the hound zombie.
You block the hound zombie's attack.
You sock the hound zombie!
The hound zombie is severely damaged.
You feel sick.
Your quasit barely misses the hound zombie.
Your quasit closely misses the hound zombie.
Your quasit claws the hound zombie.
You block the hound zombie's attack.
Your chain mail prevents you from hitting the hound zombie.
The hound zombie is severely damaged.
You feel sick.
Your quasit closely misses the hound zombie.
Your quasit claws the hound zombie. x2
The hound zombie closely misses your quasit.
Your quasit bites the hound zombie.
The hound zombie is destroyed!
Okawaru accepts your kill.
Your Invocations skill increases to level 1!
No target in view!
Are you sure you want to abandon this character and quit the game? (Confirm with "yes".)

.......# .......##
#.......# ##
#.#.....# #.
#.##..[.# #.
#.##....#####
###.###.##.........
##....##....<..####
#.........#..@5#
#......#.##..).#
#.....##.##.##.# ..
#..)..)..#..##..# ...
#.....#...........
#.#
##..###.##.##.......#
#####.# ##.# #.#..#
........# #...... #[#
#.#.##.........#
#......
#.###.#.##.........#
#......


You could see a friendly quasit.

Vanquished Creatures
  Purgy (D:3)
  A phantom (D:4)
  An ogre (D:5)
  A giant frog zombie (D:4)
  A centaur skeleton (D:5)
  Jessica (D:3)
  2 worker ants (D:4)
  A hound skeleton (D:5)
  3 adders (D:2)
  2 oozes
  An adder skeleton (D:4)
  2 worms
  A dart slug (D:2)
  5 giant geckos
  7 orcs
  5 bats
  3 giant cockroaches
  5 goblins
  5 hobgoblins
  5 jackals
  2 giant newts
  4 kobolds (D:2)
  8 rats
  A fungus (D:1)
68 creatures vanquished.

Vanquished Creatures (collateral kills)
  An orc priest (D:5)
  Terence (D:2)
  A hound zombie (D:5)
  An adder (D:2)
  A dart slug (D:2)
  A hobgoblin (D:2)
  2 jackals (D:3)
8 creatures vanquished.

Grand Total: 76 creatures vanquished

Notes
Turn   | Place    | Note
-------+----------+-------------------------------------------
     0 | D:1      | Ijustatesigmund the Demonspawn Fighter began the quest for the Orb.
     0 | D:1      | Reached XP level 1. HP: 18/18 MP: 1/1
   133 | D:1      | Reached skill level 2 in Maces & Flails
   384 | D:1      | Gained mutation: A weak demonic guardian rushes to your aid. [demonic ancestry]
   384 | D:1      | Reached XP level 2. HP: 23/24 MP: 2/2
   686 | D:2      | Noticed Terence
   695 | D:2      | Killed Terence
   695 | D:2      | Reached XP level 3. HP: 19/29 MP: 3/3
   826 | D:2      | Reached skill level 1 in Dodging
   864 | D:2      | Reached skill level 3 in Maces & Flails
  1235 | D:2      | Found a faded altar of an unknown god.
  1288 | D:2      | Reached XP level 4. HP: 20/35 MP: 4/4
  2419 | D:3      | Found an iron altar of Okawaru.
  2425 | D:3      | Found a hide-covered altar of Uskayaw.
  2430 | D:3      | Became a worshipper of Warmaster Okawaru
  2600 | D:3      | Noticed Purgy
  2618 | D:3      | Killed Purgy
  2618 | D:3      | Reached skill level 4 in Maces & Flails
  2618 | D:3      | Reached XP level 5. HP: 18/42 MP: 5/5
  2869 | D:3      | Noticed Jessica
  2873 | D:3      | Killed Jessica
  3583 | D:4      | Gained mutation: You are partially covered in icy blue scales. (AC +2) [demonic ancestry]
  3583 | D:4      | Reached XP level 6. HP: 42/48 MP: 6/6
  3633 | D:4      | Reached * piety under Okawaru
  4061 | D:5      | Entered Level 5 of the Dungeon
  4129 | D:5      | Reached skill level 5 in Maces & Flails
  4223 | D:5      | Gained mutation: You are immune to rotting. [demonic ancestry]
  4223 | D:5      | Reached XP level 7. HP: 43/55 MP: 7/7
  4226 | D:5      | Reached skill level 1 in Invocations
  4227 | D:5      | Quit the game

Vault maps used:
D:1:      scummos_arrival_checkerplants
D:2:      ecumenical_altar_2, uniq_terence
D:3:      grunt_temple_overflow_open, uniq_purgy, uniq_jessica
D:4:      first_bread, kennysheep_generic_room_11
D:5:      basic_altar, grunt_ministairs_11, kennysheep_generic_room_15

Skill      XL: |  1  2  3  4  5  6  7 |
---------------+----------------------+-----
Maces & Flails | 2 3 4 5 |  5.1
Dodging        | 1 2 3 |  3.1
Fighting       | 4 |  4.6
Invocations    | 1 |  1.0
Armour         | |  2.6
Shields        | |  2.6

Action                   |  1- 3 |  4- 6 |  7- 9 || total
-------------------------+-------+-------+-------++-------
Melee: Flail             |   125 |   206 |     3 ||   334
       Unarmed           |       |     4 |       ||     4
  Use: Scroll            |     3 |     3 |       ||     6
       Potion            |     6 |     1 |       ||     7
  Eat: Royal jelly       |     1 |       |       ||     1
       Chunk             |       |     8 |       ||     8
       Beef jerky        |       |     1 |       ||     1
Armor: Scale mail        |    30 |       |       ||    30
       Chain mail        |    35 |   149 |     2 ||   186
Dodge: Dodged            |    21 |    47 |       ||    68
Block: Shield            |    59 |    90 |     2 ||   151
